 Dungeon Crawl Stone Soup version 0.25.0-8-gfd19cd77bd (webtiles) character file.

Game seed: 14225984955019839970

12923 Krehm the Black Sun (level 11, -10/86 HPs)
             Began as a Vampire Ice Elementalist on June 16, 2020.
             Was a High Priest of Kikubaaqudgha.
             Mangled by a sun demon (14 damage)
             ... summoned by an orc high priest
             ... on level 2 of the Orcish Mines.
             The game lasted 02:44:31 (17268 turns).

Krehm the Black Sun (Vampire Ice Elementalist)     Turns: 17268, Time: 02:44:32

Health: -10/86     AC: 16    Str:  7    XL:     11   Next: 68%
Magic:  24/24      EV: 12    Int: 22    God:    Kikubaaqudgha [*****.]
Gold:   565        SH:  5    Dex: 14    Spells: 7/29 levels left

rFire    . . .     SeeInvis +   A - +2 dagger (venom)
rCold    . . .     Gourm    .   c - +0 buckler
rNeg     . . .     Faith    .   I - +0 troll leather armour
rPois    .         Spirit   .   u - +2 helmet
rElec    .         Reflect  .   K - +0 cloak
rCorr    .         Harm     .   O - +2 pair of gloves
MR       +....                  J - +0 pair of boots
Stlth    +++.......             (no amulet)
HPRegen  0.84/turn              m - ring of wizardry
MPRegen  0.19/turn              x - +4 ring of protection

@: regenerating quickly
A: no food, fangs 3, see invisible, unbreathing
a: Exsanguinate, Receive Corpses, Torment, Renounce Religion


You were on level 2 of the Orcish Mines.
You worshipped Kikubaaqudgha.
Kikubaaqudgha was extremely pleased with you.
You were alive.

You visited 2 branches of the dungeon, and saw 13 of its levels.

You collected 897 gold pieces.
You spent 332 gold pieces at shops.

Inventory:

Hand Weapons
 g - a +0 glaive of venom
 A - a +2 dagger of venom (weapon)
 L - a +4 scimitar
Missiles
 v - 31 poisoned darts (quivered)
 D - 2 throwing nets
Armour
 c - a +0 buckler (worn)
 l - a +0 leather armour of fire resistance
 u - a +2 helmet (worn)
 I - a +0 troll leather armour (worn)
 J - a +0 pair of boots (worn)
 K - a +0 cloak (worn)
 O - a +2 pair of gloves (worn)
Jewellery
 m - a ring of wizardry (left hand)
 r - an uncursed ring of flight
 x - a +4 ring of protection (right hand)
 F - an uncursed ring of magical power
 G - an uncursed ring of protection from cold
Wands
 q - a wand of clouds (12)
 y - a wand of paralysis (20)
Scrolls
 a - 2 scrolls of fear {unknown}
 b - 5 scrolls of remove curse
 d - 3 scrolls of fog
 e - 5 scrolls of blinking {unknown}
 h - a scroll of enchant armour {unknown}
 i - 4 scrolls of teleportation
 j - a scroll of magic mapping
 k - 2 scrolls of random uselessness {unknown}
 p - 5 scrolls of enchant weapon
 H - a scroll of brand weapon {unknown}
Potions
 f - a potion of brilliance
 n - 8 potions of curing
 o - a potion of mutation {unknown}
 s - 4 potions of stabbing
 t - 3 potions of might
 w - 2 potions of cancellation
 z - 4 potions of lignification
 C - a potion of invisibility {unknown}
 M - a potion of flight {unknown}
 N - a potion of magic {unknown}
Miscellaneous
 E - a lightning rod (4/4)


   Skills:
 + Level 8.3 Fighting
 + Level 0.6 Long Blades
 - Level 2.2 Dodging
 - Level 5.0 Stealth
 - Level 4.0 Shields
 + Level 9.7 Spellcasting
 - Level 6.2 Hexes
 - Level 2.0 Charms
 + Level 10.7 Necromancy
 - Level 6.0 Ice Magic


You had 7 spell levels left.
You knew the following spells:

 Your Spells              Type           Power        Failure   Level  Hunger
a - Freeze                Ice            ####         1%          1    N/A
b - Frozen Ramparts       Ice            #####.       1%          3    N/A
c - Ozocubu's Armour      Chrm/Ice       ####....     2%          3    N/A
d - Vampiric Draining     Necr           ######....   1%          3    N/A
e - Animate Skeleton      Necr           N/A          1%          1    N/A
f - Confusing Touch       Hex            #####...     1%          3    N/A
g - Animate Dead          Necr           N/A          1%          4    N/A
h - Dispel Undead         Necr           ######..     1%          4    N/A

Your spell library contained the following spells:

 Spells                   Type           Power        Failure   Level  Hunger
 Corona                   Hex            #####..      1%          1    N/A
 Pain                     Necr           ####         1%          1    N/A
 Slow                     Hex            #####...     1%          2    N/A
 Sublimation of Blood     Necr           ######....   1%          2    N/A
 Agony                    Necr           ######..     1%          5    N/A
 Inner Flame              Hex/Fire       ###.....     3%          3    N/A
 Portal Projectile        Hex/Tloc       ###...       3%          3    N/A
 Cause Fear               Hex            #####.....   3%          4    N/A
 Sandblast                Erth           ##....       4%          1    N/A
 Passwall                 Tmut/Erth      ##......     6%          2    N/A
 Death Channel            Necr           ######....   8%          6    N/A
 Metabolic Englaciation   Hex/Ice        #####.....   9%          5    N/A
 Hailstorm                Conj/Ice       ###.....     11%         4    N/A
 Leda's Liquefaction      Hex/Erth       ###.......   11%         4    N/A
 Summon Ice Beast         Ice/Summ       ###.....     11%         4    N/A
 Gell's Gravitas          Tloc           ##........   12%         3    N/A
 Stone Arrow              Conj/Erth      ##....       12%         3    N/A
 Borgnjor's Vile Clutch   Necr/Erth      ####......   12%         5    N/A
 Yara's Violent Unravell  Hex/Tmut       ###.......   28%         5    N/A
 Petrify                  Tmut/Erth      ##......     34%         4    N/A
 Lee's Rapid Deconstruct  Erth           ##........   67%         5    N/A

Dungeon Overview and Level Annotations

Branches:
Dungeon (11/15)            Temple (0/1) D:7            Lair (0/6) D:10
    Orc (2/2) D:9
    Elf: Orc:2

Altars:
Ashenzari
Cheibriados
Kikubaaqudgha
Makhleb
Qazlal
Trog
Yredelemnul
The Shining One
Beogh

Shops:
D:7 (   D:10 ?

Annotations:
D:8 Erica, Psyche


Innate Abilities, Weirdness & Mutations

You do not eat.
Your natural rate of healing is unusually fast.
You have razor-sharp teeth.
You have supernaturally acute eyesight. (SInv)
You can survive without breathing.


Message History

There is a stone staircase leading down here.
You start resting.
HP restored.
You climb downwards.
You block the ufetubus's attack.
The ufetubus hits you but does no damage.
You block the ufetubus's attack. The ufetubus hits you. The sun demon hits you!
You are engulfed in flames!
The soul eater barely misses you.
The ufetubus hits you but does no damage.
The ufetubus barely misses you. x2; The ufetubus closely misses you.
The sun demon hits you!
You are engulfed in flames!
* * * LOW HITPOINT WARNING * * *
The soul eater closely misses you. You block the ufetubus's attack.
The ufetubus completely misses you.
There is a stone staircase leading up, spattered with blood here.
The ufetubus hits you but does no damage.
You block the ufetubus's attack. The sun demon hits you!!
* * * LOW HITPOINT WARNING * * *
You are engulfed in flames!
You die...
Kikubaaqudgha rasps: "You have failed me!
Welcome... death!"

########## ###### #####
.....#5#.###....####..#.
......5@3[..3....#......
.......3.o...g..........
.......[.....#..........
.......................#
...................#.#..
....................#...
........................
...#............#....$..
...........<........#.#.


You could see a soul eater (summoned), an orc high priest, a sun demon
(summoned), a ynoxinul (summoned), a gnoll and 2 ufetubi.

Vanquished Creatures
  3 two-headed ogres
  A skeletal warrior (D:10)
  An unseen horror (D:11)
  A manticore (D:11)
  An ugly thing (D:11)
  A gargoyle (D:6)
  A kobold demonologist (D:11)
  2 trolls (D:10)
  4 hippogriffs
  A meliai zombie (D:11)
  A shadow (D:11)
  A vampire (D:10)
  A wraith (D:10)
  A wyvern (D:8)
  A hungry ghost (D:11)
  3 wargs (D:9)
  A soldier ant (D:10)
  9 orc warriors
  An eye of draining (D:11)
  5 ice beasts
  A black bear (D:10)
  5 sky beasts
  3 ogres
  A phantom (D:7)
  A wolf (D:10)
  4 centaurs
  4 bullfrogs
  A wyvern zombie (D:9)
  A wyvern skeleton (D:10)
  5 scorpions
  4 killer bees (D:10)
  10 wights (D:10)
  3 electric eels (D:10)
  A bullfrog zombie (D:5)
  2 centaur zombies
  A quasit (D:10)
  9 crimson imps
  10 hounds
  2 jellies
  8 orc priests
  2 bullfrog skeletons
  A centaur skeleton (D:4)
  Natasha (thrice) (D:3)
  7 worker ants
  3 iguanas
  9 orc wizards
  A killer bee zombie (D:5)
  A hound zombie (D:10)
  Robin (D:3)
  A howler monkey skeleton (D:5)
  4 gnolls
  14 adders
  2 shadow imps
  2 oozes
  2 adder skeletons
  An adder zombie (D:5)
  3 worms
  4 dart slugs
  4 leopard geckos
  64 orcs
  5 giant cockroaches
  13 goblins
  18 hobgoblins
  9 jackals
  9 kobolds
  6 quokkas
  2 ball pythons
  4 bats
  6 frilled lizards
  A giant cockroach zombie (D:5)
  A quokka zombie (D:5)
  12 rats
331 creatures vanquished.

Vanquished Creatures (collateral kills)
  An orc (D:7)
1 creature vanquished.

Vanquished Creatures (others)
  3 fungi (Orc:2)
3 creatures vanquished.

Grand Total: 335 creatures vanquished

Notes
Turn   | Place    | Note
-------+----------+-------------------------------------------
     0 | D:1      | Krehm the Vampire Ice Elementalist began the quest for the
                  | Orb.
     0 | D:1      | Reached XP level 1. HP: 13/13 MP: 3/3
   157 | D:1      | Reached XP level 2. HP: 14/19 MP: 1/5
   840 | D:1      | Reached XP level 3. HP: 24/24 MP: 4/6
  1058 | D:1      | Learned a level 3 spell: Frozen Ramparts
  1730 | D:2      | Found an ancient bone altar of Kikubaaqudgha.
  1769 | D:2      | Became a worshipper of Kikubaaqudgha
  1778 | D:2      | Learned a level 3 spell: Ozocubu's Armour
  1791 | D:2      | Reached XP level 4. HP: 30/30 MP: 8/8
  2344 | D:3      | Reached skill level 5 in Ice Magic
  2394 | D:3      | Reached XP level 5. HP: 35/35 MP: 3/10
  2754 | D:3      | Noticed Robin
  2783 | D:3      | Killed Robin
  2904 | D:3      | Reached * piety under Kikubaaqudgha
  2904 | D:3      | Identified Kikubaaqudgha's Collected Works on Sinister
                  | Secrets (Kikubaaqudgha gifted it to you on level 3 of the
                  | Dungeon)
  2904 | D:3      | Received a gift from Kikubaaqudgha
  3365 | D:3      | Noticed Natasha
  3370 | D:3      | Killed Natasha
  3370 | D:3      | Reached skill level 1 in Necromancy
  3560 | D:3      | Noticed Natasha
  3566 | D:3      | Killed Natasha
  3566 | D:3      | Reached skill level 5 in Stealth
  3566 | D:3      | Reached XP level 6. HP: 41/41 MP: 5/11
  3675 | D:3      | Noticed Natasha
  3861 | D:3      | Killed Natasha
  3861 | D:3      | Reached skill level 2 in Necromancy
  4183 | D:4      | Reached skill level 1 in Charms
  4614 | D:4      | Reached skill level 3 in Necromancy
  4614 | D:4      | Reached XP level 7. HP: 40/46 MP: 9/13
  4800 | D:5      | Entered Level 5 of the Dungeon
  5113 | D:5      | Learned a level 3 spell: Vampiric Draining
  5423 | D:5      | Found a snail-covered altar of Cheibriados.
  5554 | D:5      | Reached ** piety under Kikubaaqudgha
  5554 | D:5      | Reached skill level 4 in Necromancy
  5617 | D:5      | Reached skill level 5 in Spellcasting
  5731 | D:5      | Reached skill level 1 in Fighting
  6060 | D:5      | Reached XP level 8. HP: 51/54 MP: 3/16
  6280 | D:5      | Found a burning altar of Makhleb.
  6310 | D:5      | Reached skill level 5 in Necromancy
  7097 | D:6      | Reached skill level 6 in Necromancy
  7110 | D:6      | Noticed a gargoyle
  7564 | D:6      | Killed a gargoyle
  7564 | D:6      | Reached XP level 9. HP: 63/65 MP: 12/19
  8128 | D:7      | Learned a level 1 spell: Animate Skeleton
  8314 | D:7      | Reached skill level 7 in Necromancy
  8522 | D:7      | Found a runed translucent door.
  8544 | D:7      | Found a staircase to the Ecumenical Temple.
  8628 | D:7      | Learned a level 3 spell: Confusing Touch
  8824 | D:7      | Reached skill level 1 in Hexes
  8906 | D:7      | Found Fuis's Antique Weapon Shop.
  8930 | D:7      | Bought a runed glaive for 332 gold pieces
  8983 | D:7      | Found a glowing golden altar of the Shining One.
  9356 | D:7      | Reached *** piety under Kikubaaqudgha
  9356 | D:7      | Identified Kikubaaqudgha's Incunabulum of Evil Secrets
                  | (Kikubaaqudgha gifted it to you on level 7 of the Dungeon)
  9356 | D:7      | Received a gift from Kikubaaqudgha
  9363 | D:7      | Learned a level 4 spell: Animate Dead
  9782 | D:7      | Found a roughly hewn altar of Beogh.
  9922 | D:8      | Reached skill level 5 in Fighting
  9981 | D:8      | Noticed Erica
 10330 | D:8      | Noticed Psyche
 10672 | D:9      | Reached skill level 1 in Shields
 10897 | D:9      | Found a staircase to the Orcish Mines.
 10922 | D:9      | Reached skill level 8 in Necromancy
 11102 | D:9      | Reached XP level 10. HP: 74/74 MP: 21/21
 11137 | D:9      | Reached skill level 5 in Hexes
 11159 | D:9      | Reached **** piety under Kikubaaqudgha
 11950 | D:9      | Found a basalt altar of Yredelemnul.
 12277 | D:9      | Found a stormy altar of Qazlal.
 12328 | D:10     | Entered Level 10 of the Dungeon
 13042 | D:10     | Noticed a skeletal warrior
 13066 | D:10     | Learned a level 4 spell: Dispel Undead
 13445 | D:10     | Killed a skeletal warrior
 13445 | D:10     | Reached skill level 9 in Necromancy
 13796 | D:10     | Noticed a two-headed ogre
 13856 | D:10     | Found Tadar's Magic Scroll Emporium.
 14080 | D:10     | Killed a two-headed ogre
 14080 | D:10     | Reached XP level 11. HP: 80/83 MP: 17/23
 14676 | D:10     | Noticed a two-headed ogre
 14726 | D:10     | Killed a two-headed ogre
 14819 | D:10     | Reached ***** piety under Kikubaaqudgha
 14922 | D:10     | Found a shattered altar of Ashenzari.
 15041 | D:10     | Found a staircase to the Lair.
 15400 | D:11     | Reached skill level 10 in Necromancy
 15902 | D:11     | Noticed a two-headed ogre
 15936 | D:11     | Killed a two-headed ogre
 16032 | D:11     | Noticed an unseen horror
 16052 | D:11     | Killed an unseen horror
 16094 | D:11     | Noticed a white ugly thing
 16120 | D:11     | Killed a white ugly thing
 16849 | Orc:1    | Entered Level 1 of the Orcish Mines
 17064 | Orc:1    | Found a bloodstained altar of Trog.
 17100 | Orc:2    | Entered Level 2 of the Orcish Mines
 17228 | Orc:2    | Noticed an orc high priest
 17234 | Orc:2    | Noticed an orc sorcerer
 17246 | Orc:2    | Noticed a soul eater
 17247 | Orc:2    | Noticed a sun demon
 17268 | Orc:2    | HP: 4/86 [sun demon[an orc high priest] (19)]
 17268 | Orc:2    | Mangled by a sun demon

Illustrated notes

Levels and vault maps discovered:
D:1:      dpeg_arrival_long_road, layout_basic, chequers_serial_rivers_micro_d
D:2:      layout_loops_corners, kiku_gazebo_pond_becter
D:3:      layout_loops_ring, first_ration, uniq_robin, uniq_natasha
D:4:      layout_cave_pools, minmay_misc_feat_five
D:5:      layout_basic, nicolae_overflow_crystal_walls, kennysheep_slug_shrine,
          minmay_fractal_squares_5
D:6:      layout_cave_pools
D:7:      layout_basic, nicolae_tso_swordbearing_angel,
          minmay_temple_entry_butterflies, serial_shops, shop,
          lightli_church_of_beogh
D:8:      layout_basic, uniq_psyche, uniq_erica
D:9:      layout_long_grid, old_standard_altar, nicolae_qazlal_eye_of_the_storm,
          minmay_orc_entry_guard_dogs
D:10:     minmay_s_stair_smasher, layout_irregular_city, erik_lair_island,
          serial_shops, kennysheep_little_box, basic_altar
D:11:     layout_gridville
Orc:1:    layout_caves, trog_book
Orc:2:    grunt_orc_gardens, layout_caves, grunt_orc_garden, grunt_orc_garden,
          grunt_orc_garden, grunt_orc_garden

Skill      XL: |  1  2  3  4  5  6  7  8  9 10 11 |
---------------+----------------------------------+-----
Stealth        | 4 5 |  5.0
Spellcasting   | 3 4 5 6 7 8 9 |  9.7
Ice Magic      | 5 6 |  6.0
Necromancy     | 1 3 4 6 8 9 10 | 10.7
Charms         | 1 2 |  2.0
Fighting       | 1 4 5 6 8 |  8.3
Hexes          | 4 6 |  6.2
Shields        | 1 4 |  4.0
Long Blades    | |  0.6
Dodging        | |  2.2

Action                   |  1- 3 |  4- 6 |  7- 9 | 10-12 || total
-------------------------+-------+-------+-------+-------++-------
Melee: Short sword       |    47 |   145 |   163 |       ||   355
       Bite              |     4 |    10 |    36 |    44 ||    94
       Unarmed           |     1 |       |       |       ||     1
       Dagger            |       |       |   294 |   459 ||   753
 Cast: Freeze            |    48 |    51 |     6 |       ||   105
       Frozen Ramparts   |       |    11 |    36 |    20 ||    67
       Ozocubu's Armour  |       |       |    36 |    33 ||    69
       Vampiric Draining |       |       |    11 |    40 ||    51
       Animate Dead      |       |       |     2 |       ||     2
       Animate Skeleton  |       |       |     1 |       ||     1
       Dispel Undead     |       |       |       |    26 ||    26
       Confusing Touch   |       |       |       |     6 ||     6
  Use: Scroll            |       |     5 |     2 |     7 ||    14
 Stab: Sleeping          |     9 |    10 |     8 |     4 ||    31
       Distracted        |       |     1 |     2 |       ||     3
       Confused          |       |       |       |     2 ||     2
Armor: Robe              |     6 |       |       |       ||     6
       Leather armour    |    24 |    51 |   191 |    77 ||   343
       Troll leather arm |       |       |       |   164 ||   164
Dodge: Dodged            |    51 |    96 |   258 |   299 ||   704
Block: Buckler           |       |       |    11 |   115 ||   126
